 Dungeon Crawl Stone Soup version 0.23.2-1-ga50397a (webtiles) character file.

Game seed: 18406464896003251293

1025 whitewolfNL the Ruffian (level 8, -7/78 HPs)
             Began as a Troll Berserker on May 7, 2019.
             Was an Elder of Trog.
             Mangled by a hellwing (17 damage)
             ... on level 7 of the Dungeon.
             The game lasted 00:19:33 (4035 turns).

whitewolfNL the Ruffian (Troll Berserker)           Turns: 4035, Time: 00:19:34

Health: -7/78      AC:  7    Str: 29    XL:     8   Next: 2%
Magic:  7/7        EV:  6    Int:  3    God:    Trog [****..]
Gold:   279        SH: 15    Dex: 11    Spells: 7/7 levels left

rFire    + . .     SeeInvis .     - Unarmed
rCold    x . .     Gourm    +   A - +0 large shield
rNeg     . . .     Faith    .   r - +0 robe
rPois    .         Spirit   .   I - +1 hat
rElec    .         Reflect  .   (no cloak)
rCorr    .         Harm     .   (gloves unavailable)
MR       .....                  (boots unavailable)
Stlth    ++........             (no amulet)
HPRegen  0.63/turn              z - ring of fire
MPRegen  0.10/turn              F - +3 ring of strength

@: berserk cooldown
A: large, unfitting armour, claws 3, fast metabolism 3, gourmand, regeneration
1, shaggy fur 1, tough skin 3
a: Berserk, Trog's Hand, Brothers in Arms, Renounce Religion


You were on level 7 of the Dungeon.
You worshipped Trog.
Trog was greatly pleased with you.
You were not hungry.

You visited 1 branch of the dungeon, and saw 7 of its levels.

You collected 279 gold pieces.

Inventory:

Hand Weapons
 o - a +1 hunting sling of freezing
 t - a +1 whip of freezing
 B - a +1 short sword of venom
 C - a +1 rapier of electrocution
 D - a +0 giant spiked club
Missiles
 g - 91 arrows
 h - 300 stones (quivered)
 i - 56 bolts
 q - 46 poisoned needles
 v - 24 sling bullets
 x - 10 tomahawks
Armour
 r - a +0 robe (worn)
 A - a +0 large shield (worn)
 I - a +1 hat (worn)
Jewellery
 j - an uncursed ring of ice
 z - a ring of fire (left claw)
 F - a +3 ring of strength (right claw)
Wands
 a - a wand of random effects (13)
 G - a wand of clouds (3)
Scrolls
 d - a scroll of teleportation
 l - 2 scrolls of enchant weapon
 s - 3 scrolls of magic mapping
 u - a scroll of immolation
 w - a scroll of enchant armour {unknown}
 y - a scroll of amnesia {unknown}
 E - a scroll of fear {unknown}
 J - a scroll of remove curse
Potions
 c - 5 potions of curing
 e - 2 potions of magic
 f - a potion of lignification {unknown}
 m - a potion of resistance {unknown}
 n - a potion of brilliance
Comestibles
 b - 12 rations


   Skills:
 * Level 4.0 Fighting
   Level 1.1 Long Blades
 * Level 2.9 Throwing
 + Level 3.5 Dodging
 * Level 1.9 Stealth
 + Level 2.3 Shields
 * Level 5.6 Unarmed Combat


You had 7 spell levels left.
You didn't know any spells.
Your spell library was empty.

Dungeon Overview and Level Annotations

Branches:
Dungeon (7/15)             Temple (0/1) D:5

Altars:
Gozag
Trog
Yredelemnul
The Shining One

Shops:
D:6 !


Innate Abilities, Weirdness & Mutations

You are too large for most types of armour.
You have claws for hands.
Your metabolism is lightning-fast.
You like to eat raw meat.
Your natural rate of healing is unusually fast.
You are covered in fur. (AC +1)
You have extremely tough skin. (AC +3)


Message History

* * * LOW HITPOINT WARNING * * *
You block the hellwing's attack.
You feel better.
You block the centaur warrior zombie's attack.
The hellwing hits you!
* * * LOW HITPOINT WARNING * * *
You block the hellwing's attack.
You scratch the centaur warrior zombie but do no damage.
The centaur warrior zombie hits you but does no damage. x2
You block the hellwing's attack. The hellwing closely misses you.
You scratch the centaur warrior zombie.
The centaur warrior zombie is lightly damaged.
The centaur warrior zombie hits you but does no damage.
You block the hellwing's attack.
The hellwing hits you but does no damage.
You claw the centaur warrior zombie!
The centaur warrior zombie is lightly damaged.
You block the centaur warrior zombie's attack.
The hellwing hits you!
You die...

##§# #§# #.# .## #. #.
#.# #.# #.# .# #. ... .
#.# ###.##.. .. #.###.
##.# #.....# ..
#......###..#####.....#
#. ###
#...............# #.
#.)@4.####.....####.
#.Z)................
#...................
#.....##############
#######


You could see a hellwing and a centaur warrior zombie.

Vanquished Creatures
  An ice beast (D:7)
  A phantom (D:4)
  2 ogres
  A bullfrog zombie (D:5)
  3 orc priests (D:4)
  4 hounds
  An orc wizard (D:4)
  Jessica (D:3)
  Terence (D:3)
  A gnoll shaman (D:6)
  An iguana (D:4)
  A worker ant (D:3)
  10 gnolls
  7 adders
  A shadow imp (D:5)
  2 oozes (D:2)
  An adder zombie (D:5)
  2 worms
  A dart slug (D:1)
  4 leopard geckos
  10 orcs
  6 giant cockroaches
  10 hobgoblins
  2 jackals (D:5)
  12 kobolds
  9 bats
  5 frilled lizards
  6 goblins
  7 rats
  A plant (D:2)
114 creatures vanquished.

Vanquished Creatures (others)
  A wizard (D:5)
1 creature vanquished.

Grand Total: 115 creatures vanquished

Notes
Turn   | Place    | Note
-------+----------+-------------------------------------------
     0 | D:1      | whitewolfNL the Troll Berserker began the quest for the
                  | Orb.
     0 | D:1      | Reached XP level 1. HP: 22/22 MP: 0/0
   118 | D:1      | Reached XP level 2. HP: 29/29 MP: 1/1
   201 | D:1      | Found a glowing golden altar of the Shining One.
   386 | D:1      | Reached ** piety under Trog
   599 | D:1      | Reached XP level 3. HP: 33/36 MP: 2/2
  1078 | D:2      | Reached XP level 4. HP: 33/45 MP: 3/3
  1080 | D:2      | Reached skill level 1 in Throwing
  1164 | D:2      | Reached skill level 4 in Unarmed Combat
  1785 | D:4      | Found a basalt altar of Yredelemnul.
  1794 | D:4      | Reached XP level 5. HP: 40/53 MP: 4/4
  1827 | D:4      | Reached skill level 1 in Stealth
  1931 | D:4      | Noticed a phantom
  2061 | D:4      | Killed a phantom
  2061 | D:4      | Reached XP level 6. HP: 27/61 MP: 5/5
  2098 | D:4      | Reached *** piety under Trog
  2244 | D:4      | Found an opulent altar of Gozag.
  2719 | D:3      | Noticed Terence
  2727 | D:3      | Killed Terence
  2737 | D:3      | Reached skill level 1 in Long Blades
  3102 | D:3      | Reached skill level 1 in Shields
  3166 | D:3      | Noticed Jessica
  3175 | D:3      | Killed Jessica
  3175 | D:3      | Reached XP level 7. HP: 68/68 MP: 6/6
  3288 | D:5      | Entered Level 5 of the Dungeon
  3301 | D:5      | Found a bloodstained altar of Trog.
  3303 | D:5      | Noticed a wizard
  3307 | D:5      | Killed a wizard
  3507 | D:5      | Found a staircase to the Ecumenical Temple.
  3605 | D:5      | Reached skill level 5 in Unarmed Combat
  3875 | D:6      | Found Kiessah's Distillery.
  3945 | D:6      | Reached **** piety under Trog
  3976 | D:7      | Noticed a hellwing
  3976 | D:7      | Noticed a hellwing
  3978 | D:7      | HP: 1/68 [centaur warrior zombie (3)]
  4019 | D:7      | Reached XP level 8. HP: 51/78 MP: 7/7
  4035 | D:7      | Mangled by a hellwing

Skill      XL: |  1  2  3  4  5  6  7 |
---------------+----------------------+-----
Fighting       | 3 4 |  4.0
Throwing       | 1 2 |  2.9
Unarmed Combat | 4 5 |  5.6
Stealth        | 1 |  1.9
Dodging        | 3 |  3.5
Long Blades    | 1 |  1.1
Shields        | 1 2 |  2.3

Action                   |  1- 3 |  4- 6 |  7- 9 || total
-------------------------+-------+-------+-------++-------
Melee: Unarmed           |    96 |    48 |    87 ||   231
       Punch             |       |     1 |       ||     1
       Falchion          |       |   222 |       ||   222
Invok: Berserk           |     1 |     5 |     4 ||    10
  Use: Scroll            |       |     5 |     5 ||    10
       Potion            |       |       |     6 ||     6
 Stab: Sleeping          |     1 |     2 |     3 ||     6
  Eat: Chunk             |    16 |    20 |     2 ||    38
       Ration            |       |       |     2 ||     2
Armor: Animal skin       |    32 |     2 |       ||    34
       Robe              |       |   113 |    47 ||   160
Dodge: Dodged            |    40 |    74 |    25 ||   139
Block: Large shield      |       |   194 |   110 ||   304
       Rpst.: Falchion   |       |    16 |       ||    16
